 Dungeon Crawl Stone Soup version 0.28-a0-43-g560ac104fe (webtiles) character file.

Game seed: 18225386066896478726

7 Spectrina the Sneak (level 1, 0/13 HPs)
             Began as a Deep Elf Delver on July 28, 2021.
             Slain by a frilled lizard (1 damage)
             ... on level 1 of the Dungeon.
             The game lasted 00:01:59 (270 turns).

Spectrina the Sneak (Deep Elf Delver)                Turns: 270, Time: 00:02:00

Health: 0/13       AC:  3    Str:  9    XL:     1   Next: 83%
Magic:  3/3        EV: 12    Int: 14    God:
Gold:   18         SH:  0    Dex: 16    Spells: 0/0 levels left

rFire   . . .      SeeInvis .   a - +0 short sword
rCold   . . .      Faith    .   (no shield)
rNeg    . . .      Spirit   .   b - +0 leather armour
rPois   .          Reflect  .   (no helmet)
rElec   .          Harm     .   (no cloak)
rCorr   .          Rampage  .   (no gloves)
Will    .....                   (no boots)
Stlth   +++.......              (no amulet)
HPRegen 0.04/turn               (no ring)
MPRegen 0.08/turn               (no ring)

@: flying
A: no striking features
a: no special abilities


You were on level 1 of the Dungeon.
You visited 1 branch of the dungeon, and saw 5 of its levels.

You collected 18 gold pieces.

Inventory:

Hand Weapons
 a - a +0 short sword (weapon)
Armour
 b - a +0 leather armour (worn)
Wands
 g - a wand of digging (3)
Scrolls
 c - a scroll of fog
 d - a scroll of magic mapping
 e - a scroll of fear
 i - a scroll of noise {unknown}
Potions
 f - a potion of haste


   Skills:
 - Level 2.4 Fighting
 - Level 2.0 Short Blades
 - Level 2.4 Dodging
 + Level 6.5 Stealth


You couldn't memorise any spells.
You didn't know any spells.
Your spell library was empty.

Dungeon Overview and Level Annotations

Branches:
Dungeon (5/15)
 Temple: D:4-7

Altars:

Annotations:
D:3 Grinder


Message History

Unknown command.
Unknown command.
You closely miss the giant cockroach. The giant cockroach bites you.
The giant cockroach barely misses you.
You hit the giant cockroach.
The giant cockroach is almost dead.
The giant cockroach barely misses you.
You closely miss the giant cockroach.
The giant cockroach is almost dead.
The giant cockroach misses you.
You closely miss the giant cockroach.
The giant cockroach is almost dead.
The frilled lizard barely misses you. The giant cockroach closely misses you.
You barely miss the giant cockroach.
The giant cockroach is almost dead.
The giant cockroach barely misses you. The frilled lizard misses you.
You closely miss the giant cockroach.
The giant cockroach is almost dead.
The giant cockroach barely misses you. The frilled lizard misses you.
The giant cockroach closely misses you.
You completely miss the giant cockroach.
The giant cockroach is almost dead.
The frilled lizard bites you but does no damage.
The giant cockroach bites you but does no damage.
You closely miss the giant cockroach.
The giant cockroach is almost dead.
The frilled lizard closely misses you. The giant cockroach bites you.
You hit the giant cockroach but do no damage.
The giant cockroach is almost dead.
The frilled lizard bites you.
* * * LOW HITPOINT WARNING * * *
The giant cockroach barely misses you.
You hit the giant cockroach.
You kill the giant cockroach!
The frilled lizard barely misses you.
It was a potion of flight.
You feel very buoyant.
You fly up into the air.
The frilled lizard closely misses you.
You closely miss the frilled lizard. The frilled lizard bites you.
You die...

#........[. #.........
########...K..... .#
#....#......[#
...##....#.......###.#
#............>......#
###....#.$.....#####
#..l†#.......#
#...@#.......#
######.......#
#.......# #.......#
#.......#


You could see a frilled lizard.

Vanquished Creatures
  A ball python (D:2)
  2 giant cockroaches
  A goblin (D:2)
  A jackal (D:2)
5 creatures vanquished.

Notes
Turn   | Place    | Note
-------+----------+-------------------------------------------
     0 | D:5      | Spectrina the Deep Elf Delver began the quest for the Orb.
     0 | D:5      | Reached XP level 1. HP: 13/13 MP: 3/3
    18 | D:5      | Noticed an iguana
    31 | D:5      | Noticed an iguana
    50 | D:5      | Noticed a scorpion
    63 | D:4      | Noticed an ogre
   122 | D:3      | Noticed Grinder
   270 | D:1      | Slain by a frilled lizard

Illustrated notes

Levels and vault maps discovered:
D:1:      roderic_crop_circles_arrival_small, layout_basic,
          minmay_misc_feat_tower
D:2:      layout_rooms, hellmonk_ecumenical_altar_heavens_door,
          minmay_tetromino_l4
D:3:      layout_basic, uniq_grinder
D:4:      layout_basic
D:5:      layout_rooms, okawaru_ov_weapons_minmay,
          minmay_temple_entry_butterflies, grunt_decor_junction

Action                   || total
-------------------------++-------
Melee: Short sword       ||    28
  Use: Potion            ||     1
Armor: Leather armour    ||     4
Dodge: Dodged            ||    27

Table legend: (Time is in decaauts)
 A = Elapsed time spent in this place.
 B = Non-inter-level travel time spent in this place.
 C = Inter-level travel time spent in this place.
 D = Time resting spent in this place.
 E = Time spent auto-exploring this place.
 F = Levels seen in this place.
 G = Mean time per level.
                   A        B        C        D        E       F      G
               +--------+--------+--------+--------+--------+-----+--------+
         Total |    269 |    269 |      0 |      0 |      0 |   5 |   53.8 |
       Dungeon |    269 |    269 |      0 |      0 |      0 |   5 |   53.8 |
               +--------+--------+--------+--------+--------+-----+--------+

Top non-repeatable levels by time:
     D:3: 84 daAuts
     D:2: 61 daAuts
     D:5: 53 daAuts
     D:4: 48 daAuts
     D:1: 20 daAuts
